 Dungeon Crawl Stone Soup version 0.29-a0-575-g0dc89cf053 (webtiles) character file.

Game seed: 13268047287947051704

261 Essalna the Conjurer (level 5, -11/36 HPs)
             Began as a Demonspawn Conjurer on June 13, 2022.
             Mangled by Crazy Yiuf
             ... wielding a +2 quarterstaff of chaos
              (13 damage)
             ... on level 2 of the Dungeon.
             The game lasted 00:03:14 (2404 turns).

Essalna the Conjurer (Demonspawn Conjurer)          Turns: 2404, Time: 00:03:14

Health: -11/36     AC:  4    Str:  7    XL:     5   Next: 96%
Magic:  1/11       EV: 12    Int: 22    God:
Gold:   66         SH:  0    Dex: 11    Spells: 9/12 levels left

rFire   . . .      SeeInvis .   b - +2 whip (venom)
rCold   . . .      Faith    .   (no shield)
rNeg    . . .      Spirit   .   a - +0 robe
rPois   .          Reflect  .   (no helmet)
rElec   .          Harm     .   (no cloak)
rCorr   .          Rampage  .   (no gloves)
Will    .....                   (no boots)
Stlth   ++........              (no amulet)
HPRegen 0.12/turn               (no ring)
MPRegen 0.12/turn               (no ring)

@: lethally poisoned (-11 -> -15)
A: molten scales 1
a: no special abilities


You were on level 2 of the Dungeon.
You visited 1 branch of the dungeon, and saw 2 of its levels.

You collected 66 gold pieces.

Inventory:

Hand Weapons
 b - a +2 whip of venom (weapon)
Armour
 a - a +0 robe (worn)
Scrolls
 c - a scroll of fog {unknown}
 d - 7 scrolls of identify {unknown}
 e - a scroll of vulnerability {unknown}
 i - a scroll of magic mapping {unknown}
Potions
 f - a potion of haste {unknown}
 g - a potion of heal wounds
 h - 2 potions of curing {unknown}
 j - a potion of mutation {unknown}


   Skills:
 + Level 0.9 Fighting
 - Level 1.7 Dodging
 - Level 1.7 Stealth
 + Level 4.2 Spellcasting
 + Level 5.7 Conjurations


You had 9 spell levels left.
You knew the following spells:

 Your Spells              Type           Power      Damage    Failure   Level
a - Magic Dart            Conj           100%       1d8       1%          1
b - Searing Ray           Conj           60%        2d6       1%          2

Your spell library contained the following spells:

 Spells                   Type           Power      Damage    Failure   Level
 Dazzling Flash           Conj/Hex       34%        N/A       10%         3
 Fulminant Prism          Conj/Hex       8%         3d7       32%         4
 Iskenderun's Mystic Bla  Conj/Tloc      17%        2d5       32%         4


Dungeon Overview and Level Annotations

Branches:
Dungeon (2/15)

Altars:

Annotations:
D:2 Crazy Yiuf


Innate Abilities, Weirdness & Mutations

You are partially covered in molten scales. (AC +2)


Message History

Crazy Yiuf barely misses you.
The searing ray hits Crazy Yiuf.
Crazy Yiuf is severely wounded.
Crazy Yiuf hits you with a +2 quarterstaff of chaos!
You feel your power leaking away.
The searing ray misses Crazy Yiuf.
Crazy Yiuf hits you with a +2 quarterstaff of chaos!
Crazy Yiuf freezes you.
* * * LOW HITPOINT WARNING * * *
Casting: Searing Ray (safe; 1% risk of failure)
Confirm with . or Enter, or press ? or * to list all spells.
Aiming: Magic Dart (safe; 1% risk of failure)
Press: ? - help, Shift-Dir - straight line, f/p - Crazy Yiuf
Aim: Crazy Yiuf, wielding a +2 quarterstaff of chaos and wearing a +1 cloak (severely wounded, 100% to hit)
The magic dart hits Crazy Yiuf.
Crazy Yiuf is almost dead.
Crazy Yiuf hits you with a +2 quarterstaff of chaos!
* * * LOW HITPOINT WARNING * * *
It was a potion of heal wounds.
You feel much better. Crazy Yiuf barely misses you.
You barely miss Crazy Yiuf.
Crazy Yiuf is almost dead.
Crazy Yiuf barely misses you.
You closely miss Crazy Yiuf.
Crazy Yiuf is almost dead.
Crazy Yiuf yells, "Mugger alas tea!"
Crazy Yiuf hits you with a +2 quarterstaff of chaos!
Crazy Yiuf burns you.
* * * LOW HITPOINT WARNING * * *
You barely miss Crazy Yiuf.
Crazy Yiuf is almost dead.
Crazy Yiuf hits you with a +2 quarterstaff of chaos.
* * * LOW HITPOINT WARNING * * *
You are lethally poisoned!
You barely miss Crazy Yiuf.
Crazy Yiuf is almost dead.
* * * LOW HITPOINT WARNING * * *
You feel sick.
Crazy Yiuf hits you with a +2 quarterstaff of chaos!
You die...

####### #.....#
#.######♣♣ ###
##.###....♣♣ ♣♣#..)#
##...#.....)♣♣♣♣@g...#
.............♣..♣#...#
##...##.....♣.♣♣♣ ###
##.###.##♣♣♣♣♣
##...##.#
#.>.....###### ####
.............#....>
......†...........#
.............##...#


You could see Crazy Yiuf.

Vanquished Creatures
  Sigmund (D:2)
  Natasha (twice) (D:2)
  An adder (D:2)
  A dart slug (D:2)
  5 endoplasms
  A giant cockroach (D:1)
  3 goblins
  4 hobgoblins (D:1)
  4 jackals (D:1)
  2 kobolds (D:2)
  2 quokkas (D:1)
  2 ball pythons
  5 bats
  A frilled lizard (D:1)
  A rat (D:1)
35 creatures vanquished.

Notes
Turn   | Place    | Note
-------+----------+-------------------------------------------
     0 | D:1      | Essalna the Demonspawn Conjurer began the quest for the
                  | Orb.
     0 | D:1      | Reached XP level 1. HP: 13/13 MP: 3/3
   327 | D:1      | Gained mutation: You are partially covered in molten
                  | scales. (AC +2) [demonic ancestry]
   327 | D:1      | Reached XP level 2. HP: 17/19 MP: 0/5
   590 | D:1      | Found a faded altar of an unknown god.
  1070 | D:1      | Learned a level 2 spell: Searing Ray
  1544 | D:2      | Noticed Sigmund
  1570 | D:2      | Killed Sigmund
  1571 | D:2      | Reached skill level 5 in Conjurations
  1571 | D:2      | Reached XP level 3. HP: 11/24 MP: 2/8
  1571 | D:2      | Reached XP level 4. HP: 14/30 MP: 2/10
  1571 | D:2      | Reached XP level 5. HP: 17/35 MP: 2/11
  1807 | D:2      | Noticed Natasha
  1812 | D:2      | Killed Natasha
  2210 | D:2      | Noticed Natasha
  2215 | D:2      | Killed Natasha
  2361 | D:2      | Found a runed translucent door.
  2362 | D:2      | Noticed Crazy Yiuf
  2404 | D:2      | Mangled by Crazy Yiuf

Illustrated notes

Levels and vault maps discovered:
D:1:      nzn_arrival_settlement, layout_basic, chequers_ecumenical_altar_grove
D:2:      layout_loops_ring, serial_aquarium, aquarium_bridge_long_joined
          [aquarium_subvault_balcony, aquarium_subvault_window,
          aquarium_subvault_bridge, aquarium_subvault_bridge,
          aquarium_subvault_bridge, aquarium_subvault_wall], aquarium_window_2,
          aquarium_window_fake, aquarium_window_1, aquarium_view_2a,
          aquarium_balcony_5b, aquarium_pool_split, uniq_sigmund, uniq_natasha,
          uniq_crazy_yiuf_cottage

Skill      XL: |  1  2 |
---------------+-------+-----
Spellcasting   | 4 |  4.2
Conjurations   | 5 |  5.7
Fighting       | |  0.9
Dodging        | |  1.7
Stealth        | |  1.7

Action                   |  1- 3 |  4- 6 || total
-------------------------+-------+-------++-------
Melee: Unarmed           |    52 |       ||    52
       Punch             |     1 |       ||     1
       Whip              |       |     4 ||     4
 Cast: Magic Dart        |    46 |    25 ||    71
       Searing Ray       |     2 |     1 ||     3
  Use: Potion            |     1 |     1 ||     2
Armor: Robe              |    28 |       ||    28
Dodge: Dodged            |    49 |     3 ||    52

Table legend: (Time is in decaauts)
 A = Elapsed time spent in this place.
 B = Non-inter-level travel time spent in this place.
 C = Inter-level travel time spent in this place.
 D = Time resting spent in this place.
 E = Time spent auto-exploring this place.
 F = Levels seen in this place.
 G = Mean time per level.
                   A        B        C        D        E       F      G
               +--------+--------+--------+--------+--------+-----+--------+
         Total |   2403 |   2380 |     23 |     33 |   2066 |   2 | 1201.5 |
       Dungeon |   2403 |   2380 |     23 |     33 |   2066 |   2 | 1201.5 |
               +--------+--------+--------+--------+--------+-----+--------+

Top non-repeatable levels by time:
     D:1: 1413 daAuts
     D:2: 990 daAuts
